Map: Dusk Towers

Players

llllllllllll - Winner!

  • Race: Zerg Zerg
  • League: Grandmaster

State

  • Race: Protoss Protoss
  • League: Grandmaster

VOD

Have the link to the VOD?

Description

Time

  • Played on: Dec. 8, 2015, 7:33 p.m.
  • Length: 12:24
Show
View Real Time Build Order
Export as new Build Order

llllllllllll Zerg - Winner!

Build Orders: Hatch First 

Get SALT Encoding   

  12  0:00  Drone  
  13  0:10  Drone  
  14  0:17  Overlord  
  14  0:23  Drone, Extractor  
  15  0:35  Drone x2  
  17  0:44  Drone  
  18  0:55  Hatchery  
  17  0:59  Drone  
  18  1:05  Drone  
  18  1:09  Extractor  
  18  1:16  Spawning Pool  
  17  1:19  Drone  
  18  1:26  Drone  
  19  1:37  Drone  
  20  1:49  Drone  
  21  1:58  Drone  
  22  2:06  Queen  
  22  2:07  Queen  
  26  2:08  Zergling x2  
  26  2:09  Zergling x2  
  26  2:10  Metabolic Boost  
  28  2:17  Overlord  
  28  2:20  Overlord  
  28  2:35  Evolution Chamber  
  28  2:36  Drone  
  28  2:38  Drone  
  28  2:40  Drone  
  28  2:41  Drone  
  28  2:44  Queen  
  31  2:50  Drone  
  34  2:55  Drone  
  35  3:01  Drone, Zerg Melee Weapons Level 1  
  35  3:03  Drone  
  37  3:11  Drone  
  38  3:13  Drone  
  38  3:14  Drone x3  
  38  3:15  Drone x2  
  38  3:18  Overlord  
  44  3:28  Overlord  
  43  3:37  Hatchery, Zergling x4  
  43  3:38  Zergling x2  
  45  3:47  Zergling x2  
  45  3:48  Queen  
  46  3:50  Drone  
  46  3:54  Drone  
  46  3:55  Drone x2  
  52  4:02  Zergling x6  
  54  4:04  Drone  
  54  4:05  Spore Crawler  
  54  4:10  Spore Crawler  
  54  4:14  Drone  
  54  4:15  Drone  
  55  4:19  Drone, Extractor  
  55  4:22  Overlord  
  55  4:23  Drone x2  
  57  4:24  Drone  
  57  4:25  Drone x2  
  57  4:30  Roach Warren  
  59  4:31  Overlord  
  59  4:32  Drone  
  59  4:39  Overlord  
  59  4:43  Drone  
  60  4:48  Drone  
  60  4:49  Drone  
  60  4:51  Queen  
  64  4:53  Drone  
  64  4:56  Drone  
  64  4:57  Drone  
  64  4:58  Drone  
  64  4:59  Hatchery, Drone  
  68  5:01  Drone  
  68  5:04  Drone  
  70  5:09  Overlord, Extractor  
  70  5:10  Extractor  
  70  5:12  Lair  
  68  5:15  Drone x3  
  68  5:17  Extractor  
  68  5:18  Drone  
  68  5:20  Drone x3  
  74  5:22  Extractor  
  74  5:24  Overlord  
  73  5:28  Zerg Ground Armor Level 1  
  73  5:30  Evolution Chamber, Drone  
  73  5:33  Drone  
  73  5:34  Drone x2  
  73  5:35  Drone  
  77  5:36  Drone  
  77  5:38  Drone  
  77  5:40  Drone  
  80  5:42  Spore Crawler  
  80  5:46  Drone  
  80  5:47  Drone  
  80  5:48  Drone x3  
  84  5:50  Drone  
  84  5:51  Drone x2  
  84  5:53  Overlord  
  87  5:58  Overlord  
  87  6:08  Overlord  
  87  6:11  Queen  
  87  6:12  Glial Reconstitution  
  87  6:14  Drone  
  87  6:15  Zerg Melee Weapons Level 2  
  87  6:16  Infestation Pit  
  89  6:28  Hatchery  
  88  6:33  Overlord  
  88  6:36  Roach x6  
  88  6:37  Roach x5  
  110  6:44  Roach x4  
  110  6:46  Overlord  
  116  6:52  Hive  
  116  6:55  Zergling x10  
  116  6:59  Overlord  
  121  7:05  Ravager x4, Zergling x14  
  132  7:09  Ravager  
  132  7:10  Ravager x3  
  133  7:19  Zergling x2  
  133  7:21  Zergling x16  
  135  7:26  Zergling x2  
  135  7:27  Zergling x14  
  135  7:28  Zergling x4  
  135  7:29  Zergling x2  
  134  7:36  Ravager  
  133  7:38  Ravager, Zergling x2  
  133  7:42  Drone x6  
  141  7:46  Drone  
  141  7:50  Overlord  
  142  7:54  Overlord  
  142  7:56  Extractor  
  141  7:58  Zerg Ground Armor Level 2  
  141  7:59  Overlord  
  141  8:01  Pathogen Glands  
  141  8:09  Adrenal Glands  
  141  8:10  Drone x3  
  143  8:17  Roach x8  
  143  8:19  Roach  
  160  8:20  Roach  
  160  8:26  Overlord  
  162  8:33  Overlord  
  162  8:36  Zergling x2  
  162  8:37  Zergling x6  
  166  8:42  Hatchery, Overlord  
  166  8:45  Ravager x9  
  174  8:49  Overlord  
  174  8:53  Ravager x3  
  174  8:55  Zergling x10  
  182  9:01  Zergling x2  
  182  9:02  Zergling x14  
  190  9:05  Overlord  
  178  9:10  Zergling x2  
  178  9:11  Zergling x28  
  178  9:14  Zergling x2  
  178  9:15  Zergling x6  
  193  9:17  Zergling x2  
  193  9:18  Zergling x4  
  193  9:23  Zergling x4  
  183  9:25  Zergling x2  
  183  9:29  Zergling x16  
  183  9:30  Zergling x2  
  183  9:31  Zergling x4  
  187  9:34  Zerg Melee Weapons Level 3  
  187  9:35  Zergling x4  
  171  9:40  Zergling x10  
  171  9:42  Zergling x2  
  167  9:46  Zergling x4  
  167  9:51  Zergling x6  
  158  9:55  Zergling x4  
  137  10:00  Zergling x26  
  137  10:04  Zergling x4  
  136  10:09  Zergling x8  
  136  10:13  Ultralisk Cavern, Zergling x6  
  127  10:19  Drone x2, Extractor  
  127  10:20  Drone  
  123  10:26  Zergling x12  
  130  10:32  Drone x2  
  130  10:33  Drone x2  
  130  10:34  Drone  
  133  10:36  Infestor  
  133  10:37  Infestor x4  
  133  10:38  Infestor  
  133  10:40  Spore Crawler  
  133  10:42  Zergling x6  
  147  10:52  Zergling x4  
  147  10:53  Zergling x4  
  133  10:58  Zergling x2  
  133  10:59  Zergling x12  
  133  11:01  Zergling x2  
  133  11:02  Zergling x4  
  129  11:06  Zergling x2  
  129  11:07  Zergling x8  
  134  11:11  Zergling x2  
  134  11:12  Zergling x4  
  134  11:16  Zergling x10  
  134  11:18  Zergling x6  
  142  11:22  Zergling x8  
  142  11:25  Zergling x6  
  151  11:27  Zergling x2  
  151  11:28  Zergling x4  
  154  11:34  Zergling x16  
  154  11:38  Zergling x2  
  154  11:39  Zergling x8  
  157  11:40  Zergling x4  
  157  11:43  Zergling x6  
  157  11:45  Zergling x4  
  157  11:46  Zergling x2  
  156  11:49  Zergling x2  
  156  11:50  Zergling x6  
  156  11:53  Zergling x2  
  156  11:54  Zergling x8  
  161  11:57  Zergling x6  
  162  12:03  Zergling x2  
  162  12:04  Zergling x14  
Show
View Real Time Build Order
Export as new Build Order

State Protoss 

Build Orders: 1 Gate Expand, Oracle Opening 

Get SALT Encoding   

  12  0:01  Probe (Chrono Boost)  
  13  0:11  Probe (Chrono Boost)  
  14  0:18  Pylon  
  14  0:22  Probe (Chrono Boost)  
  15  0:36  Probe (Chrono Boost)  
  15  0:39  Gateway  
  16  0:44  Assimilator  
  16  0:46  Probe (Chrono Boost)  
  18  0:57  Probe (Chrono Boost)  
  18  1:07  Probe (Chrono Boost)  
  19  1:19  Nexus  
  19  1:22  Probe (Chrono Boost)  
  20  1:31  Cybernetics Core  
  20  1:34  Probe (Chrono Boost)  
  20  1:39  Assimilator  
  21  1:45  Probe (Chrono Boost)  
  22  1:50  Pylon  
  22  1:55  Probe (Chrono Boost)  
  24  2:08  Probe (Chrono Boost), Zealot  
  24  2:11  Stargate  
  26  2:19  Probe (Chrono Boost)  
  26  2:20  Warp Gate  
  27  2:29  Probe (Chrono Boost)  
  28  2:32  Probe (Chrono Boost)  
  29  2:37  Adept  
  29  2:40  Probe (Chrono Boost)  
  29  2:43  Probe (Chrono Boost)  
  33  2:50  Probe (Chrono Boost)  
  34  2:52  Probe (Chrono Boost)  
  34  2:54  Oracle (Chrono Boost)  
  38  3:00  Pylon  
  38  3:02  Probe x2  
  38  3:04  Adept  
  42  3:13  Probe  
  42  3:14  Probe  
  42  3:17  Forge  
  44  3:26  Mothership Core (Chrono Boost)  
  46  3:28  Probe (Chrono Boost)  
  47  3:39  Probe (Chrono Boost)  
  48  3:45  Pylon  
  48  3:46  Probe (Chrono Boost), Nexus  
  49  3:50  Probe (Chrono Boost)  
  49  3:53  Void Ray  
  54  4:03  Probe x2 (Chrono Boost), Protoss Ground Weapons Level 1 (Chrono Boost), Photon Cannon  
  56  4:12  Pylon  
  56  4:14  Gateway  
  54  4:21  Gateway  
  52  4:25  Probe x2 (Chrono Boost)  
  54  4:36  Gateway x2  
  55  4:38  Probe x2  
  56  4:49  Assimilator  
  56  4:50  Probe x2  
  56  4:51  Twilight Council, Assimilator  
  58  5:01  Sentry  
  58  5:02  Probe x2  
  58  5:06  Pylon  
  62  5:07  Robotics Facility  
  62  5:08  Probe  
  63  5:14  Probe (Chrono Boost)  
  63  5:15  Probe (Chrono Boost)  
  63  5:19  Gateway  
  63  5:20  Gateway, Pylon  
  65  5:22  Probe (Chrono Boost)  
  65  5:27  Probe (Chrono Boost)  
  67  5:34  Probe (Chrono Boost)  
  69  5:36  Probe (Chrono Boost), Blink (Chrono Boost)  
  69  5:37  Probe (Chrono Boost), Protoss Ground Weapons Level 2  
  69  5:42  Sentry x2  
  72  5:45  Probe (Chrono Boost)  
  72  5:47  Probe (Chrono Boost)  
  76  5:50  Warp Prism  
  76  5:51  Gateway  
  76  5:52  Gateway  
  78  6:04  Zealot x3  
  78  6:06  Probe x2  
  86  6:12  Stalker x2  
  90  6:20  Stalker x2  
  90  6:23  Pylon  
  94  6:26  Pylon  
  94  6:28  Stalker, Pylon  
  94  6:29  Stalker x2  
  100  6:37  Observer  
  101  6:41  Probe  
  102  6:50  Nexus  
  102  6:52  Pylon  
  102  6:54  Pylon  
  102  6:59  Stalker x5  
  112  7:20  Nexus  
  112  7:21  Stalker x4  
  114  7:29  Immortal  
  106  7:40  Probe x2, Photon Cannon  
  106  7:44  Gateway x2  
  108  7:47  Gateway  
  108  7:49  Assimilator  
  108  7:52  Assimilator  
  108  7:55  Zealot x5  
  108  7:57  Robotics Facility  
  118  7:58  Probe  
  118  7:59  Probe, Robotics Bay  
  118  8:05  Stalker x2  
  124  8:16  Zealot x5  
  124  8:18  Resonating Glaives (Chrono Boost)  
  134  8:24  Photon Cannon  
  134  8:26  Probe x2  
  136  8:27  Probe  
  136  8:30  Protoss Ground Weapons Level 3  
  137  8:35  Probe  
  137  8:36  Warp Prism (Chrono Boost)  
  137  8:38  Probe x2  
  142  8:47  Disruptor (Chrono Boost)  
  145  9:09  Disruptor (Chrono Boost)  
  146  9:14  Stalker x7  
  125  9:40  Adept x5  
  125  9:41  Stalker x4, Adept  
  125  9:42  Stalker  
  143  9:46  Adept  
  123  9:55  Probe  
  123  9:56  Probe x3  
  103  10:02  Adept x6  
  103  10:05  Probe  
  103  10:08  Immortal x2 (Chrono Boost), Probe x3  
  103  10:13  Adept x3  
  107  10:16  Probe  
  107  10:32  Stalker x6  
  116  10:40  Stalker x3  
  122  10:49  Stalker x3  
  117  11:02  Disruptor (Chrono Boost)  
  114  11:08  Stalker x2, Adept  
  114  11:09  Stalker x3  
  126  11:14  Observer (Chrono Boost)  
  122  11:22  Assimilator  
  122  11:27  Stalker x4  
  122  11:28  Assimilator  
  122  11:29  Photon Cannon  
  122  11:38  Adept x7  
  122  11:39  Adept x2  
  111  11:40  Adept  
  81  11:54  Adept x2  
  85  12:02  Stalker x5  
  85  12:03  Stalker x2  
  86  12:16  Adept  
  86  12:17  Adept  
Tags
 
Add a new tag
Caveats
  • Supply blocks, unpowered buildings, or Contaminate may cause inaccurate times.
  • Supply counts are checked every 10 seconds.